 Dungeon Crawl Stone Soup version 0.29.1 (webtiles) character file.

Game seed: 12810992897627220698

5987 Icepheonix32 the Fighter (level 10, -16/94 HPs)
             Began as a Minotaur Fighter on Sept 14, 2022.
             Was an Initiate of Gozag.
             Demolished by an orc knight
             ... wielding a +0 war axe
              (20 damage)
             ... in a bailey.
             The game lasted 00:21:11 (11003 turns).

Icepheonix32 the Fighter (Minotaur Fighter)        Turns: 11003, Time: 00:21:12

Health: -16/94     AC: 11    Str: 24 (25) XL:     10   Next: 55%
Magic:  9/9        EV: 13    Int:  4 (5)  God:    Gozag
Gold:   1037       SH:  6    Dex: 20      Spells: 9/9 levels left

rFire   + + .      SeeInvis .   A - +3 hand axe of Action {vorpal, rF+ rN+ Dex+4}
rCold   + . .      Faith    .   c - +0 buckler
rNeg    + . .      Spirit   .   J - +0 swamp dragon scales
rPois   +          Reflect  .   (helmet restricted)
rElec   .          Harm     .   M - scarf {rC+ rF+}
rCorr   .          Rampage  .   (no gloves)
Will    .....                   x - +0 pair of boots
Stlth   ++........              (no amulet)
HPRegen 0.25/turn               m - +6 ring of dexterity
MPRegen 0.11/turn               (no ring)

@: no status effects
A: horns 2, retaliatory headbutt, wild magic 1
a: Renounce Religion, Potion Petition, Call Merchant, Bribe Branch


You were in a bailey.
You worshipped Gozag.
Gozag was most pleased with you.
You visited 2 branches of the dungeon, and saw 10 of its levels.
You also visited: Sewer and Bailey.

You collected 1128 gold pieces.
You paid 91 gold pieces to Gozag.

Inventory:

Hand Weapons
 e - the +4 war axe "Spider's Death Toll" {pain, Int+2}
   (You found it on level 7 of the Dungeon)

   In the hands of one skilled in necromantic magic, it inflicts extra damage on
   living creatures.
   Int:       It affects your intelligence (+2).
 j - a +2 broad axe of distortion
 l - a +4 club
 o - a +2 vorpal flail
 A - the +3 hand axe of Action (weapon) {vorpal, rF+ rN+ Dex+4}
   (You found it on level 5 of the Dungeon)

   It inflicts extra damage upon your enemies.
   Dex:       It affects your dexterity (+4).
   rF:        It protects you from fire.
   rN:        It protects you from negative energy.
 G - a +0 antimagic flail
Missiles
 w - a boomerang (quivered)
 H - 6 datura-tipped darts
 Q - 6 javelins
Armour
 b - a +0 scale mail
 c - a +0 buckler (worn)
 q - a +0 kite shield
 x - a +0 pair of boots (worn)
 y - a +0 cloak
 D - a +0 chain mail
 J - +0 swamp dragon scales (worn)
 M - a scarf of resistance (worn)
 S - a +0 plate armour
Jewellery
 m - a +6 ring of dexterity (left hand)
 F - an amulet of faith
 U - a ring of see invisible
Wands
 a - a wand of flame (31)
 u - a wand of mindburst (12)
 C - a wand of digging (5)
 L - a wand of roots (14)
 N - a wand of paralysis (23)
 O - a wand of acid (6)
Scrolls
 d - a scroll of fear
 h - 2 scrolls of brand weapon {unknown}
 n - 2 scrolls of blinking
 t - 6 scrolls of teleportation
 z - 3 scrolls of fog {unknown}
 B - 4 scrolls of enchant armour {unknown}
 E - a scroll of amnesia
 I - 3 scrolls of torment {unknown}
 R - a scroll of identify
 T - a scroll of poison {unknown}
Potions
 f - 2 potions of mutation
 g - a potion of flight
 i - a potion of invisibility
 k - a potion of berserk rage
 p - a potion of degeneration
 r - a potion of attraction
 s - a potion of brilliance
 v - 3 potions of ambrosia
 K - 2 potions of heal wounds
 P - a potion of haste
 V - a potion of lignification
 W - a potion of magic {unknown}
 X - a potion of experience {unknown}


   Skills:
 * Level 10.5 Fighting
 - Level 1.0 Short Blades
 + Level 9.6(10.0) Axes
 - Level 4.3(7.5) Maces & Flails
 + Level 10.4 Armour
 + Level 4.3 Dodging
 + Level 2.3 Stealth
 + Level 6.2 Shields
 + Level 0.1 Evocations


You had 9 spell levels left.
You didn't know any spells.
Your spell library contained the following spells:

 Spells                   Type           Power      Damage    Failure   Level
 Ensorcelled Hibernation  Hex/Ice        0%         N/A       88%         2
 Passwall                 Tmut/Erth      0%         N/A       88%         2
 Stone Arrow              Conj/Erth      0%         3d7       98%         3
 Swiftness                Air            0%         N/A       98%         3
 Animate Armour           Summ/Erth      0%         N/A       100%        4
 Dispel Undead            Necr           0%         3d6       100%        4
 Death Channel            Necr           0%         N/A       100%        6
 Lehudib's Crystal Spear  Conj/Erth      0%         10d2      100%        8
 Corpse Rot               Necr/Pois/Air  Unusable   N/A       N/A         4

Dungeon Overview and Level Annotations

Branches:
Dungeon (9/15)             Temple (1/1) D:4            Lair (0/5) D:8
  Sewer (visited)          Bailey (1/1)
    Orc: D:9-12

Altars:
Ashenzari
Cheibriados
Dithmenos
Elyvilon
Fedhas
Gozag
Hepliaklqana
Kikubaaqudgha
Makhleb
Nemelex Xobeh
Okawaru
Qazlal
Ru
Sif Muna
Trog
Uskayaw
Vehumet
Wu Jian
Xom
Yredelemnul
Zin
The Shining One

Shops:
D:4 :   D:5 (

Annotations:
D:3 3 runed translucent doors, Flarelocke's ghost, amateur GnAM


Innate Abilities, Weirdness & Mutations

You have a pair of horns on your head.
You reflexively headbutt those who attack you in melee.
Your spells are a little harder to cast, but a little more powerful.


Message History

The orc warrior goes into a battle-frenzy!
The orc warrior hits you with a +0 hand axe.
You hit the orc warrior.
You kill the orc warrior!
The orc knight is distracted by your dazzling golden aura.
Unknown command.
Things that are here:
6 gold pieces; a +0 hand axe; a +0 ring mail The orc knight is no longer distracted by gold.
The orc knight hits you with a +0 war axe.
You hit the orc knight but do no damage.
The orc knight hits you with a +0 war axe!
You hit the orc knight but do no damage.
The orc knight hits you but does no damage.
You barely miss the orc knight.
The orc knight hits you but does no damage.
You barely miss the orc knight. Your headbutt misses the orc knight.
The orc knight hits you with a +0 war axe!!
* * * LOW HITPOINT WARNING * * *
You slash the orc knight!
The orc knight is lightly wounded.
You hit the orc knight. You headbutt the orc knight!
The orc knight is heavily wounded.
The orc knight hits you with a +0 war axe!!
* * * LOW HITPOINT WARNING * * *
You hit the orc knight but do no damage.
The orc knight is heavily wounded.
The orc knight completely misses you. You furiously retaliate!
You headbutt the orc knight. You hit the orc knight.
The orc knight is heavily wounded.
The orc knight hits you with a +0 war axe.
* * * LOW HITPOINT WARNING * * *
Unknown command.
You slash the orc knight!
You headbutt the orc knight, but do no damage.
The orc knight is severely wounded.
The orc knight hits you with a +0 war axe!!
You die...
Your body crumbles into a pile of gold.

#$$
#8..........#
#$$
#8..........# #
###.........##
###.###.....###
#.....#'#.###
......$$###
.......$.#
.........#
...⌠..o@.#
.........#
.........#
........##
#.....###
###.## ##


You could see an orc knight.

Vanquished Creatures
  An orc knight (Bailey)
  Maggie (D:6)
  Psyche (D:8)
  Prince Ribbit (D:5)
  3 yaks (D:9)
  A steam dragon (D:8)
  4 water moccasins
  7 orc warriors
  2 ice beasts (D:7)
  2 centaurs
  A kobold brigand (D:7)
  2 necrophages
  Blork the orc (D:6)
  2 bullfrogs
  3 scorpions
  2 gnoll sergeants
  12 wights
  4 howler monkeys (D:9)
  2 centaur zombies (D:9)
  4 orc priests
  3 hounds
  4 gnoll boudas
  Jessica (D:2)
  7 orc wizards
  Natasha (thrice) (D:2)
  3 iguanas
  A howler monkey zombie (D:9)
  33 gnolls
  4 river rats (D:3)
  9 adders
  2 shadow imps
  A white imp (D:5)
  5 worms (D:3)
  10 dart slugs
  31 orcs
  4 endoplasms
  2 giant cockroaches
  19 goblins
  14 hobgoblins
  2 jackals (Sewer)
  5 quokkas
  3 ball pythons
  3 bats
  3 frilled lizards
  11 kobolds
  10 rats
249 creatures vanquished.

Notes
Turn   | Place    | Note
-------+----------+-------------------------------------------
     0 | D:1      | Icepheonix32 the Minotaur Fighter began the quest for the
                  | Orb.
     0 | D:1      | Reached XP level 1. HP: 19/19 MP: 0/0
   190 | D:1      | Reached XP level 2. HP: 27/27 MP: 1/1
   337 | D:1      | Found a faded altar of an unknown god.
   749 | D:2      | Reached XP level 3. HP: 33/33 MP: 2/2
   924 | D:2      | Reached skill level 5 in Armour
   924 | D:2      | Reached XP level 4. HP: 7/41 MP: 3/3
  1241 | D:2      | Noticed Jessica
  1245 | D:2      | Killed Jessica
  1246 | D:2      | Reached skill level 1 in Short Blades
  1527 | D:2      | Noticed Natasha
  1532 | D:2      | Killed Natasha
  1577 | D:2      | Noticed Natasha
  1583 | D:2      | Killed Natasha
  1584 | D:2      | Reached skill level 5 in Fighting
  1584 | D:2      | Reached XP level 5. HP: 43/48 MP: 4/4
  1602 | D:2      | Noticed Natasha
  1613 | D:2      | Killed Natasha
  1985 | D:3      | Found a snail-covered altar of Cheibriados.
  2151 | D:3      | Reached skill level 1 in Maces & Flails
  2156 | D:3      | Reached XP level 6. HP: 11/56 MP: 5/5
  2175 | D:3      | Found a glowing drain.
  2218 | Sewer    | Entered a sewer
  2527 | Sewer    | Noticed a water moccasin
  2537 | Sewer    | Killed a water moccasin
  2538 | Sewer    | Reached skill level 1 in Dodging
  3173 | D:3      | Found a runed translucent gate.
  3180 | D:3      | Found a runed translucent gate.
  3181 | D:3      | Found a runed translucent gate.
  3183 | D:3      | Noticed Flarelocke's ghost (amateur GnAM)
  3611 | D:4      | Found Xouhaeg's Self-Improvement Boutique.
  3625 | D:4      | Reached XP level 7. HP: 46/63 MP: 6/6
  4569 | D:4      | Found a staircase to the Ecumenical Temple.
  4582 | Temple   | Entered the Ecumenical Temple
  4807 | D:5      | Entered Level 5 of the Dungeon
  4993 | D:5      | Found Wezowua's Antique Weapon Shoppe.
  5009 | D:5      | Identified the +3 hand axe of Action {vorpal, rF+ rN+
                  | Dex+4}
  5829 | D:6      | Noticed Prince Ribbit
  5836 | D:5      | Reached XP level 8. HP: 62/73 MP: 7/7
  5920 | D:6      | Noticed Blork the orc
  5920 | D:6      | Noticed Maggie
  6026 | D:5      | Killed Prince Ribbit
  6027 | D:5      | Reached skill level 5 in Shields
  6612 | D:6      | Gained mutation: Your spells are a little harder to cast,
                  | but a little more powerful. [potion of mutation]
  6612 | D:6      | Gained mutation: You are robust. (+10% HP) [potion of
                  | mutation]
  6612 | D:6      | Lost mutation: You are robust. (+10% HP) [potion of
                  | mutation]
  6618 | D:6      | Killed Blork the orc
  6621 | D:6      | Killed Maggie
  6622 | D:6      | Reached skill level 5 in Axes
  6622 | D:6      | Reached skill level 1 in Stealth
  7156 | D:6      | Found a white marble altar of Elyvilon.
  7161 | D:6      | Reached XP level 9. HP: 81/81 MP: 8/8
  7406 | Temple   | Became a worshipper of Gozag Ym Sagoz the Greedy
  7530 | D:7      | Identified the +4 war axe "Spider's Death Toll" {pain,
                  | Int+2}
  8819 | D:8      | Found an iron altar of Okawaru.
  9220 | D:8      | Found a broken altar of Ashenzari.
  9367 | D:8      | Found a staircase to the Lair.
  9372 | D:8      | Noticed Psyche
  9382 | D:8      | Killed Psyche
  9383 | D:8      | Reached skill level 10 in Armour
  9899 | D:9      | Reached XP level 10. HP: 86/91 MP: 9/9
 10053 | D:9      | Reached skill level 10 in Fighting
 10128 | D:9      | Found a flagged portal.
 10157 | Bailey   | Entered a bailey
 10528 | Bailey   | Noticed an orc knight
 10574 | Bailey   | Killed an orc knight
 10978 | Bailey   | Noticed an orc knight
 11002 | Bailey   | HP: 4/94 [orc knight/+0 war axe (3)]
 11003 | Bailey   | Demolished by an orc knight

Illustrated notes

Levels and vault maps discovered:
D:1:      sevenhm_arrival_forest_fort_small_3, layout_basic,
          dilly_ecumenical_altar_fadedgnrine,
          nicolae_concentric_dashed_squares_wild
D:2:      layout_basic, uniq_jessica, uniq_natasha
D:3:      kennysheep_slugbush, layout_loops_cross,
          mainiacjoe_overflow_surrounded_room, lightli_sewer_entry_pipes,
          ebering_ghost_rock_garden
D:4:      layout_gridville, minmay_temple_entry_stoned_glass,
          nicolae_shop_self_help
D:5:      layout_cave_pods, serial_shops, shop
D:6:      layout_gridville, mainiacjoe_overflow_24_doors, uniq_prince_ribbit1,
          uniq_blork_the_orc, uniq_maggie
D:7:      layout_basic, chequers_serial_rivers_marsh, st_stairs_11
D:8:      layout_loops_cross, old_standard_altar, mainiacjoe_overflow_chevrons,
          lair_entry_dummy, uniq_psyche
D:9:      layout_roguey, serial_undead, serial_undead_d, serial_undead_d,
          serial_undead_d, serial_undead_a, enter_bailey_3, sword_in_stone,
          uniq_erolcha
Temple:   compressed_dpeg_circular_temple
Bailey:   bailey_axe_minmay_hex_keep, bailey

Skill      XL: |  1  2  3  4  5  6  7  8  9 10 |
---------------+-------------------------------+-----
Fighting       | 4 5 6 7 8 9 10 | 10.5
Armour         | 4 5 6 7 8 10 | 10.4
Short Blades   | 1 |  1.0
Shields        | 4 5 6 |  6.2
Maces & Flails | 1 3 4 |  4.3
Dodging        | 1 3 4 |  4.3
Axes           | 3 5 7 9 |  9.6
Stealth        | 1 2 |  2.3
Evocations     | |  0.1

Action                   |  1- 3 |  4- 6 |  7- 9 | 10-12 || total
-------------------------+-------+-------+-------+-------++-------
Melee: Short sword       |    76 |     3 |       |       ||    79
       Headbutt          |    15 |    19 |    57 |    32 ||   123
       War axe           |     1 |       |       |       ||     1
       Club              |       |   142 |    41 |       ||   183
       Hand axe          |       |       |   218 |   153 ||   371
       Flail             |       |       |    24 |       ||    24
Evoke: Wand              |       |     3 |       |       ||     3
  Use: Potion            |     1 |     4 |     9 |     8 ||    22
       Scroll            |       |     7 |     1 |     1 ||     9
 Stab: Invisible         |       |       |     1 |       ||     1
       Distracted        |       |       |     1 |     1 ||     2
Armor: Scale mail        |    33 |    56 |    85 |       ||   174
       Skin              |       |     4 |       |       ||     4
       Swamp dragon scal |       |       |    29 |    19 ||    48
Dodge: Dodged            |    44 |    64 |   169 |    56 ||   333
Block: Buckler           |    11 |    26 |    74 |    33 ||   144
